 Dungeon Crawl Stone Soup version 0.28-a0-1524-ge72afd5fc6 (webtiles) character file.

Game seed: 12998967172638782226

3280 HallandMoats the Fighter (level 10, -1/90 HPs)
             Began as a Ghoul Fighter on Jan 18, 2022.
             Was a Follower of Okawaru.
             Slain by a manticore (6 damage)
             ... on level 6 of the Dungeon.
             The game lasted 00:08:52 (5595 turns).

HallandMoats the Fighter (Ghoul Fighter)            Turns: 5595, Time: 00:08:53

Health: -1/90      AC: 16    Str: 27    XL:     10   Next: 0%
Magic:  9/9        EV: 12    Int:  5    God:    Okawaru [*.....]
Gold:   253        SH:  0    Dex: 10    Spells: 9/9 levels left

rFire   . . .      SeeInvis .   a - +4 whip (venom)
rCold   + . .      Faith    .   c - +0 buckler
rNeg    + + +      Spirit   .   l - +0 plate armour
rPois   ∞          Reflect  .   m - +2 helmet
rElec   .          Harm     .   (no cloak)
rCorr   .          Rampage  .   t - +0 pair of gloves
Will    .....                   (no boots)
Stlth   ..........              (no amulet)
HPRegen 0.00/turn               i - +6 ring of strength
MPRegen 0.11/turn               r - +4 ring of evasion

@: confused, ambrosia-drunk, spiked, inhibited regen
A: claws 1, cold resistance 1, negative energy resistance 3, inhibited
regeneration, torment resistance 2
a: Renounce Religion, Heroism


You were on level 6 of the Dungeon.
You worshipped Okawaru.
Okawaru was aware of your devotion.
You visited 1 branch of the dungeon, and saw 6 of its levels.

You collected 253 gold pieces.

Inventory:

Hand Weapons
 a - a +4 whip of venom (weapon)
 b - a +2 whip of electrocution
Armour
 c - a +0 buckler (worn)
 l - a +0 plate armour (worn)
 m - a +2 helmet (worn)
 t - a +0 pair of gloves (worn)
Jewellery
 i - a +6 ring of strength (left hand)
 r - a +4 ring of evasion (right hand)
Wands
 d - a wand of flame (6)
Scrolls
 f - 2 scrolls of teleportation
 h - a scroll of holy word {unknown}
 k - a scroll of fear {unknown}
 n - a scroll of magic mapping {unknown}
 o - a scroll of enchant weapon {unknown}
 s - a scroll of enchant armour {unknown}
 u - a scroll of vulnerability {unknown}
 x - a scroll of blinking {unknown}
Potions
 e - a potion of ambrosia
 q - a potion of magic {unknown}
 v - a potion of curing
 w - 2 potions of lignification


   Skills:
 * Level 8.7 Fighting
 * Level 7.0 Maces & Flails
 + Level 5.4 Armour
 + Level 4.5 Dodging
 + Level 5.4 Shields


You had 9 spell levels left.
You didn't know any spells.
Your spell library contained the following spells:

 Spells                   Type           Power      Damage    Failure   Level
 Cause Fear               Hex            0%         N/A       100%        4
 Dragon Form              Tmut           Unusable   N/A       N/A         7
 Dragon's Call            Summ           Unusable   N/A       N/A         9

Dungeon Overview and Level Annotations

Branches:
Dungeon (6/15)             Temple (0/1) D:6

Altars:
Ashenzari
Dithmenos
Fedhas
Gozag
Hepliaklqana
Kikubaaqudgha
Okawaru
Qazlal
Ru
Uskayaw
Zin
The Shining One

Shops:
D:5 !


Innate Abilities, Weirdness & Mutations

You thrive by killing the living.
You are immune to poison.
You have sharp fingernails.
Your flesh is cold resistant. (rC+)
You are immune to negative energy. (rN+++)
You do not regenerate when monsters are visible.
You are immune to unholy pain and torment.


Message History

The barbed spikes dig painfully into your body as you move.
You feel less invigorated.
You feel less confused.
The manticore bites you but does no damage.
The manticore claws you! You block the manticore's attack.
You hit the manticore.
The manticore looks as sick as possible!
The manticore is moderately wounded.
You hit the manticore.
The manticore looks as sick as possible!
The manticore is moderately wounded.
The manticore bites you. The manticore misses you. The manticore claws you.
* * * LOW HITPOINT WARNING * * *
You hit the manticore.
The manticore looks as sick as possible!
The manticore is heavily wounded.
You block the manticore's attack. The manticore misses you.
You block the manticore's attack.
You barely miss the manticore.
The manticore is heavily wounded.
You block the manticore's attack. The manticore claws you!
* * * LOW HITPOINT WARNING * * *
The manticore claws you but does no damage.
You are confused.
You feel invigorated. The manticore barely misses you. The manticore claws you.
* * * LOW HITPOINT WARNING * * *
The manticore claws you.
* * * LOW HITPOINT WARNING * * *
You barely miss the manticore.
The manticore is severely wounded.
The barbed spikes dig painfully into your body as you move.
* * * LOW HITPOINT WARNING * * *
The manticore bites you!
* * * LOW HITPOINT WARNING * * *
The manticore barely misses you. x2
You see here a steam dragon corpse.
The barbed spikes dig painfully into your body as you move.
* * * LOW HITPOINT WARNING * * *
The manticore misses you. The manticore claws you.
You die...

... #. ...... #.# ....#.
....<.. .# #.. ....#.
##.....##.# ##.
##....###......... ...
(...............# #.
................# #.
................#######.
.......†.......# #......
......H@......## #......
............### #......
............######......
.............)..........
............######......
#.....####### #......
###### #...... #......
#......


You could see a manticore (extremely poisoned).

Vanquished Creatures
  Pikel (D:3)
  Grinder (D:3)
  Sigmund (D:3)
  Eustachio (D:4)
  3 yaks (D:6)
  A steam dragon (D:6)
  A water moccasin (D:6)
  Duvessa (D:5)
  A necrophage (D:6)
  A hornet zombie (D:6)
  4 ogres
  2 centaurs
  4 lemures
  Blork the orc (D:4)
  A bullfrog (D:5)
  Dowan (D:5)
  2 bullfrog zombies
  2 hounds
  3 orc priests
  A jelly (D:5)
  A centaur skeleton (D:6)
  5 orc wizards
  Terence (D:3)
  Jessica (D:2)
  Ijyb (D:2)
  2 iguanas
  Robin (D:3)
  8 adders
  5 gnolls
  A white imp (D:5)
  2 dart slugs
  15 orcs
  8 endoplasms
  4 giant cockroaches
  13 goblins
  6 hobgoblins
  3 jackals (D:1)
  2 quokkas
  6 ball pythons
  3 bats
  6 frilled lizards
  6 kobolds
  5 rats
138 creatures vanquished.

Notes
Turn   | Place    | Note
-------+----------+-------------------------------------------
     0 | D:1      | HallandMoats the Ghoul Fighter began the quest for the Orb.
     0 | D:1      | Reached XP level 1. HP: 19/19 MP: 0/0
   152 | D:1      | Reached XP level 2. HP: 26/26 MP: 1/1
   262 | D:1      | Reached XP level 3. HP: 33/33 MP: 2/2
   727 | D:2      | Reached skill level 4 in Fighting
   727 | D:2      | Reached skill level 1 in Dodging
   727 | D:2      | Reached XP level 4. HP: 29/40 MP: 3/3
  1056 | D:2      | Noticed Jessica
  1068 | D:2      | Reached XP level 5. HP: 22/46 MP: 4/4
  1070 | D:2      | Killed Jessica
  1994 | D:3      | Noticed Ijyb
  1995 | D:3      | Noticed Robin
  2123 | D:2      | Killed Ijyb
  2312 | D:3      | Killed Robin
  2313 | D:3      | Reached XP level 6. HP: 43/53 MP: 5/5
  2526 | D:3      | Found a hide-covered altar of Uskayaw.
  2585 | D:3      | Noticed Grinder
  2590 | D:3      | Paralysed by Grinder for 4 turns
  2598 | D:3      | Killed Grinder
  2599 | D:3      | Reached skill level 5 in Fighting
  2599 | D:3      | Reached XP level 7. HP: 57/61 MP: 6/6
  2735 | D:3      | Noticed Terence
  2746 | D:3      | Killed Terence
  2951 | D:3      | Noticed Sigmund
  2977 | D:3      | Killed Sigmund
  3369 | D:4      | Noticed Blork the orc
  3378 | D:4      | Reached skill level 6 in Fighting
  3378 | D:4      | Reached XP level 8. HP: 50/70 MP: 7/7
  3488 | D:4      | Killed Blork the orc
  3498 | D:4      | Noticed Pikel
  3754 | D:3      | Killed Pikel
  3755 | D:3      | Reached skill level 5 in Maces & Flails
  3897 | D:4      | Reached skill level 7 in Fighting
  3979 | D:4      | Noticed Eustachio
  3996 | D:4      | Killed Eustachio
  4053 | D:4      | Reached XP level 9. HP: 78/79 MP: 8/8
  4477 | D:4      | Found a stormy altar of Qazlal.
  4481 | D:4      | Found a shadowy altar of Dithmenos.
  4482 | D:4      | Found a blossoming altar of Fedhas.
  4483 | D:4      | Found a sacrificial altar of Ru.
  4483 | D:4      | Found an opulent altar of Gozag.
  4484 | D:4      | Found a hazy altar of Hepliaklqana.
  4485 | D:4      | Found a broken altar of Ashenzari.
  4488 | D:4      | Found an ancient bone altar of Kikubaaqudgha.
  4531 | D:5      | Entered Level 5 of the Dungeon
  4675 | D:5      | Noticed Duvessa
  4676 | D:5      | Noticed Dowan
  4688 | D:5      | Killed Duvessa
  4689 | D:5      | Killed Dowan
  4761 | D:5      | Found an iron altar of Okawaru.
  4922 | D:5      | Reached skill level 5 in Armour
  4965 | D:5      | Found Koyr Bats's Distillery.
  5157 | D:5      | Became a worshipper of Warmaster Okawaru
  5172 | D:6      | Found a staircase to the Ecumenical Temple.
  5177 | D:6      | Reached skill level 5 in Shields
  5196 | D:6      | Reached skill level 8 in Fighting
  5350 | D:6      | Reached * piety under Okawaru
  5576 | D:6      | Noticed a manticore
  5578 | D:6      | Reached XP level 10. HP: 52/90 MP: 9/9
  5595 | D:6      | HP: 1/90 [barbs]
  5595 | D:6      | Slain by a manticore

Illustrated notes

Levels and vault maps discovered:
D:1:      wander_arrival_fairy_ring, layout_rooms
D:2:      layout_basic, uniq_jessica
D:3:      minmay_skewed_foursquare, layout_basic,
          mainiacjoe_overflow_concentric_impassable, minmay_fractal_squares_5,
          uniq_grinder, uniq_ijyb, uniq_sigmund, uniq_terence, uniq_robin
D:4:      layout_cave_pools, minitemple, dk_noncrumbling_4, uniq_pikel,
          uniq_eustachio, uniq_blork_the_orc
D:5:      layout_rooms, general_overflow_altar, serial_shops, shop, uniq_duvessa
D:6:      layout_rooms, minmay_temple_entry_trees, minmay_manual_monolith

Skill      XL: |  1  2  3  4  5  6  7  8  9 |
---------------+----------------------------+-----
Maces & Flails | 2 3 4 5 7 |  7.0
Fighting       | 4 5 6 7 8 |  8.7
Armour         | 3 4 5 |  5.4
Dodging        | 1 2 3 4 |  4.5
Shields        | 3 4 5 |  5.4

Action                   |  1- 3 |  4- 6 |  7- 9 | 10-12 || total
-------------------------+-------+-------+-------+-------++-------
Melee: Flail             |    83 |    76 |       |       ||   159
       Trident           |       |    58 |       |       ||    58
       Whip              |       |    55 |   294 |     6 ||   355
  Use: Potion            |       |     3 |     1 |     2 ||     6
       Scroll            |       |       |     5 |       ||     5
Armor: Scale mail        |    66 |    20 |       |       ||    86
       Plate armour      |       |   143 |   145 |     4 ||   292
Dodge: Dodged            |    64 |    65 |   104 |     7 ||   240
Block: Buckler           |    24 |    25 |    59 |     4 ||   112

Table legend: (Time is in decaauts)
 A = Elapsed time spent in this place.
 B = Non-inter-level travel time spent in this place.
 C = Inter-level travel time spent in this place.
 D = Time resting spent in this place.
 E = Time spent auto-exploring this place.
 F = Levels seen in this place.
 G = Mean time per level.
                   A        B        C        D        E       F      G
               +--------+--------+--------+--------+--------+-----+--------+
         Total |   5627 |   5393 |    234 |    856 |   3227 |   6 |  937.8 |
       Dungeon |   5627 |   5393 |    234 |    856 |   3227 |   6 |  937.8 |
               +--------+--------+--------+--------+--------+-----+--------+

Top non-repeatable levels by time:
     D:2: 1700 daAuts
     D:3: 1270 daAuts
     D:4: 992 daAuts
     D:1: 624 daAuts
     D:5: 579 daAuts
     D:6: 460 daAuts
